cohdb
Replays
Latest Replays
All Replays
Popular Replays
Top Player Replays
Match Explorer
How It Works
Community
CoH3 Stats
Reddit
Sign in to upload your games and track your stats! →
Sign in with Steam
Match 40357071
Unlisted
Match 40357071
Overview
Messages
Build Orders
End
Panzerpioneer Squad
Panzerpioneer Squad
250 Light Carrier
Construct Light Support Kompanie
Combat Half-tracks
Panzerjäger Squad
Selects Battlefield Espionage Battlegroup
Selects Sector Subterfuge Beacon
2.5-tonne Medical Truck
Fire Support Elements
Assault Mechanized Group
Selects Plunder
le.IG 18 Support Gun Team
Panzerpioneer Squad
Construct Panzerarmee Kommand
Vehicle Survival Package
Selects Firestorm
Selects 250/3 Funkpanzerwagen
Pak 38 Anti-tank Gun Team
Firestorm
Selects Anti-Tank Incendiary Munitions
Armored Reserves
Panzerpioneer Squad
AI Takeover
Rancerd
silial
MZMZ
jerjawe
0
0
Comments
sign in to comment!
No comments posted yet!